 Dungeon Crawl Stone Soup version 0.29.1-13-g9f3cf754e1 (webtiles) character file.

Game seed: 1217487526995618717

56 Saba the Shooter (level 3, 0/23 HPs)
             Began as a Gargoyle Hunter on Feb 8, 2023.
             Slain by a centaur (1 damage)
             ... on level 4 of the Dungeon.
             The game lasted 00:02:30 (1293 turns).

Saba the Shooter (Gargoyle Hunter)                  Turns: 1293, Time: 00:02:32

Health: 0/23       AC:  9    Str: 14    XL:     3   Next: 95%
Magic:  3/3        EV:  9    Int:  9    God:
Gold:   68         SH:  0    Dex: 15    Spells: 2/2 levels left

rFire   . . .      SeeInvis .   a - +0 shortbow
rCold   . . .      Faith    .   (shield currently unavailable)
rNeg    + . .      Spirit   .   e - +0 scale mail
rPois   ∞          Reflect  .   (no helmet)
rElec   +          Harm     .   (no cloak)
rCorr   .          Rampage  .   (no gloves)
Will    .....                   (no boots)
Stlth   ..........              (no amulet)
HPRegen 0.07/turn               (no ring)
MPRegen 0.08/turn               (no ring)

@: brilliant, weak-willed, flying
A: sickness immunity, AC +3, negative energy resistance 1, electricity
resistance, torment resistance 1, petrification resistance
a: no special abilities


You were on level 4 of the Dungeon.
You visited 1 branch of the dungeon, and saw 3 of its levels.

You collected 68 gold pieces.

Inventory:

Hand Weapons
 a - a +0 shortbow (weapon)
Armour
 e - a +0 scale mail (worn)
 f - a +0 buckler
Scrolls
 b - a scroll of immolation
 h - a scroll of identify
Potions
 c - a potion of cancellation


   Skills:
 + Level 3.0 Fighting
 * Level 4.8 Ranged Weapons
 - Level 1.5 Dodging
 - Level 1.1 Stealth
 + Level 1.3 Shields


You had 2 spell levels left.
You didn't know any spells.
Your spell library contained the following spells:

 Spells                   Type           Power      Damage    Failure   Level
 Shock                    Conj/Air       0%         1d3       88%         1
 Ensorcelled Hibernation  Hex/Ice        0%         N/A       95%         2
 Ozocubu's Armour         Ice            0%         N/A       99%         3
 Stone Arrow              Conj/Erth      0%         3d7       99%         3
 Swiftness                Air            0%         N/A       99%         3
 Airstrike                Air            0%         2d(0-16)  100%        4
 Animate Armour           Summ/Erth      0%         N/A       100%        4
 Ice Form                 Ice/Tmut       0%         N/A       100%        4
 Lehudib's Crystal Spear  Conj/Erth      0%         10d2      100%        8


Dungeon Overview and Level Annotations

Branches:
Dungeon (2/15)

Altars:

Shops:
D:2 (


Innate Abilities, Weirdness & Mutations

You are immune to sickness and miasma.
Your stone body is resilient. (AC +3)
You are immune to poison.
You resist negative energy. (rN+)
You are resistant to electric shocks. (rElec)
You are resistant to unholy torment.
You are immune to petrification.


Message History

The ball python constricts you.
You shoot an arrow. The arrow hits the ball python!
You kill the ball python!
The centaur wields a +0 shortbow.
The centaur shoots an arrow.
The arrow hits you.
The centaur shoots an arrow.
The arrow hits you.
You are too injured to fight recklessly!
As you read the scroll labelled DEAFIZ NYSMI, it crumbles to dust.
It is a scroll of identify.
c - a potion of cancellation The centaur shoots an arrow.
The arrow closely misses you.
As you read the scroll labelled BITAACSOQOPP, it crumbles to dust.
Magic quickly surges around you.
It was a scroll of vulnerability.
The centaur shoots an arrow.
The arrow hits you.
Okay, then.
It was a potion of brilliance.
You feel clever all of a sudden.
The centaur unwields a +0 shortbow.
The centaur hits you but does no damage.
The centaur kicks you but does no damage.
It was a potion of flight.
You feel very buoyant.
You fly up into the air.
The centaur hits you.
* * * LOW HITPOINT WARNING * * *
The centaur kicks you.
* * * LOW HITPOINT WARNING * * *
The centaur closely misses you.
The centaur kicks you but does no damage.
You are too injured to fight recklessly!
Fire: a) +0 shortbow
Press: ? - help, Q - select action Shift-Dir - straight line, f - centaur
Aim: a centaur (moderately wounded, weak-willed, 72% to hit)
You shoot an arrow. The arrow hits the centaur.
The centaur is heavily wounded.
The centaur hits you but does no damage.
The centaur kicks you.
* * * LOW HITPOINT WARNING * * *
The centaur hits you.
* * * LOW HITPOINT WARNING * * *
The centaur kicks you.
You die...

#.#####.##.......##
#.................#
##..####.##.#####..#
....####.##.##.....#
#.......##.##.##.##
##.#######.##.##.#
#.............#
#.......##.######
#.......#...@c..#
#..........###......
#...[...#... .##..
#.......#.## #
#.......#.
#########. ##


You could see a centaur (weak-willed).

Vanquished Creatures
  2 adders
  A dart slug (D:4)
  3 ball pythons
  8 endoplasms
  A giant cockroach (D:1)
  4 goblins
  2 hobgoblins (D:2)
  2 bats (D:1)
  3 frilled lizards (D:1)
  5 kobolds
  5 rats
36 creatures vanquished.

Notes
Turn   | Place    | Note
-------+----------+-------------------------------------------
     0 | D:1      | Saba the Gargoyle Hunter began the quest for the Orb.
     0 | D:1      | Reached XP level 1. HP: 12/12 MP: 1/1
    45 | D:1      | Got Neucacvu's Codex of Congelation
   183 | D:1      | Reached XP level 2. HP: 18/18 MP: 2/2
   502 | D:1      | Found a faded altar of an unknown god.
   693 | D:1      | Reached XP level 3. HP: 18/22 MP: 3/3
   957 | D:2      | Found Suigiss's Antique Weapon Emporium.
   966 | D:2      | Reached skill level 1 in Shields
  1177 | D:2      | You fall into a shaft and drop 2 floors!
  1281 | D:4      | Noticed a centaur
  1293 | D:4      | HP: 1/23 [centaur (1)]
  1293 | D:4      | Slain by a centaur

Illustrated notes

Levels and vault maps discovered:
D:1:      scummos_arrival_star, layout_basic,
          hellmonk_ecumenical_altar_slurped_away
D:2:      layout_loops_cross, serial_shops, nicolae_diamond_shop
D:4:      layout_loops_cross, mainiacjoe_overflow_cross_hatched,
          ashenzari_altar_1, elyvilon_altar_5, grunt_ministairs_8

Skill      XL: |  1  2  3 |
---------------+----------+-----
Shields        | 1 |  1.3
Fighting       | 3 |  3.0
Ranged Weapons | |  4.8
Dodging        | |  1.5
Stealth        | |  1.1

Action                   || total
-------------------------++-------
 Fire: Shortbow          ||   114
  Use: Scroll            ||     2
       Potion            ||     2
Armor: Scale mail        ||    51
Dodge: Dodged            ||    44
